 Dungeon Crawl Stone Soup version 0.31-a0-204-g7da18cac08 (webtiles) character file.

Game seed: 7905158750859625266

2 lunkers the Covered (level 1, -3/14 HPs)
             Began as a Meteoran Wanderer on June 27, 2023.
             Slain by a gnoll
             ... wielding a +0 flail
              (7 damage)
             ... on level 1 of the Dungeon.
             The game lasted 00:00:27 (368 turns).

lunkers the Covered (Meteoran Wanderer)              Turns: 368, Time: 00:00:27

Health: -3/14      AC:  9    Str: 11    XL:     1   Next: 42%
Magic:  6/6        EV:  8    Int: 14    God:
Gold:   42         SH:  0    Dex: 14    Spells: 8/8 levels left

rFire   . . .        g - +0 short sword
rCold   . . .        (no shield)
rNeg    . . .        d - +2 scale mail
rPois   .            (no helmet)
rElec   .            (no cloak)
rCorr   .            (no gloves)
SInv    .            (no boots)
Will    .....        (no amulet) Stlth
                     (no ring)
HPRegen 0.22/turn    (no ring)
MPRegen 0.10/turn

%: no passive effects
@: glowing
A: sense surroundings 1, otherworldly, glowing, explore regen
a: no special abilities


You were on level 1 of the Dungeon.
You visited 1 branch of the dungeon, and saw 1 of its levels.

You collected 42 gold pieces.

Inventory:

Hand Weapons
 a - a +0 dagger
 g - a +0 short sword (weapon)
Armour
 d - a +2 scale mail (worn)
Jewellery
 f - a ring of protection from cold
Wands
 b - a wand of flame (5)
Scrolls
 h - a scroll of vulnerability {unknown}
Potions
 c - a potion of haste
 e - 2 potions of enlightenment {unknown}


   Skills:
 + Level 0.7 Short Blades
 - Level 1.2 Throwing
 - Level 4.8 Armour
 - Level 4.0 Spellcasting
 - Level 2.4 Evocations


You had 8 spell levels left.
You didn't know any spells.
Your spell library contained the following spells:

 Spells                   Type           Power      Damage    Failure   Level
 Momentum Strike          Conj/Tloc      4%         3d8       83%         2
 Searing Ray              Conj           4%         2d4       83%         2


Dungeon Overview and Level Annotations

Branches:
Dungeon (1/15) Zot: 231

Altars:


Innate Abilities, Weirdness & Mutations

You passively map a small area around you.
You are easily found by Zot.
You glow in the dark.
You regain HP and MP as you explore.


Message History

You see here a +0 mace.
f - a ring of protection from cold No target in view!
No target in view!
Found 5 boomerangs of dispersal.
No target in view!
No target in view!
No target in view!
Found a short sword.
No target in view!
No target in view!
No target in view!
Found a scale mail.
No target in view!
No target in view!
No target in view!
Found a chain mail.
You see here a +0 short sword.
g - a +0 short sword
g - a +0 short sword (weapon)
h - a scroll labelled KATORO WADISO No target in view!
You open the door.
There is an open door here.
A gnoll comes into view. It is wielding a +0 flail.
The gnoll shouts!
A goblin comes into view. It is wielding a +0 club.
The goblin shouts!
There are monsters nearby!
A hobgoblin comes into view.
The hobgoblin shouts!
The gnoll hits you with a +0 flail!
Ouch! That really hurt!
* * * LOW HITPOINT WARNING * * *
The gnoll attacks as you move away! The gnoll hits you but does no damage.
The gnoll attacks as you move away! The gnoll hits you with a +0 flail.
* * * LOW HITPOINT WARNING * * *
You hit the gnoll but do no damage. The gnoll hits you with a +0 flail!
Ouch! That really hurt!
You die...

*, , ....#.[....# ♣.♣ *
*,...#......#####♣.♣
..[..........♣.♣ , , *
##..........#♣.♣ , , , , ♣♣#
#...........♣.♣ *, , ♣.#
#..........##.# ,* , #.#
##'##.#....##.. ,
♣♣♣#.######.##.#....####
...♣♣♣..g.gg@..#.##.###### #
..........####....#.#########
..........#**###..#.##.......
* .............
#..#.##.#####. *
..........#### #.....#.#####.
..........# ,#.##.......... *
.......#### * #.###...##....
* ....... #.#......#....
.######* * #.# ##...†...#


You could see a gnoll, a hobgoblin and a goblin.

Vanquished Creatures
  A goblin (D:1)
  A frilled lizard (D:1)
2 creatures vanquished.

Notes
Turn   | Place    | Note
-------+----------+-------------------------------------------
     0 | D:1      | lunkers the Meteoran Wanderer began the quest for the Orb.
     0 | D:1      | lunkers set off with the following items: a +0 dagger, a
                  | wand of flame (5), a potion of haste, a +2 scale mail; and
                  | the following spells available to memorise: Momentum
                  | Strike, Searing Ray.
     0 | D:1      | Reached XP level 1. HP: 14/14 MP: 6/6
   368 | D:1      | Slain by a gnoll

Illustrated notes

Levels and vault maps discovered:
D:1:      nzn_arrival_crosshair, layout_basic, serial_forest,
          infiniplex_forest_end_3, infiniplex_forest_clump_large,
          infiniplex_forest_straight_3, infiniplex_forest_end_3,
          infiniplex_forest_end_1, infiniplex_forest_straight_2,
          infiniplex_forest_lined_room_2

Action                     || total
---------------------------++-------
  Melee: Dagger            ||    11
         Short sword       ||     1
 Armour: Scale mail        ||     7
  Dodge: Dodged            ||     3

Table legend: (Time is in decaauts)
 A = Elapsed time spent in this place.
 B = Non-inter-level travel time spent in this place.
 C = Inter-level travel time spent in this place.
 D = Time resting spent in this place.
 E = Time spent auto-exploring this place.
 F = Levels seen in this place.
 G = Mean time per level.
                   A        B        C        D        E       F      G
               +--------+--------+--------+--------+--------+-----+--------+
         Total |    367 |    367 |      0 |      0 |    332 |   1 |  367.0 |
       Dungeon |    367 |    367 |      0 |      0 |    332 |   1 |  367.0 |
               +--------+--------+--------+--------+--------+-----+--------+

Top non-repeatable levels by time:
     D:1: 367 daAuts
